 Dungeon Crawl Stone Soup version 0.32-a0-30-gefbe487952 (console) character file.

Game seed: 12908567015180040163

31040 jejorda2 the Cleaver (level 13, -5/105 HPs)
             Began as a Gnoll Berserker on Jan 19, 2024.
             Was an Elder of Trog.
             Slain by an eight-headed hydra (6 damage)
             ... on level 3 of the Lair of Beasts.
             The game lasted 00:36:01 (16303 turns).

jejorda2 the Cleaver (Gnoll Berserker)             Turns: 16303, Time: 00:36:01

Health: -5/105     AC: 21    Str: 22    XL:     13   Next: 55%
Magic:  25/25      EV: 11    Int:  7    God:    Trog [****..]
Gold:   507        SH: 12    Dex: 11    Spells: 29/29 levels left

rFire   + . .        w - +5 spear (heavy)
rCold   . . .        t - +1 buckler {AC+3}
rNeg    . . .        z - +4 chain mail
rPois   .            H - +0 helmet
rElec   .            E - +0 cloak
rCorr   +            (no gloves)
SInv    +            (no boots)
Will    .....        n - amulet of Fyogil {Reflect rCorr SH+5}
Stlth   +            o - ring of see invisible
HPRegen 0.37/turn    L - ring of protection from fire
MPRegen 0.19/turn

%: reflection
@: on berserk cooldown, slowed, invisible, very slow
A: fangs 1, strong nose, distributed training
a: Renounce Religion, Berserk, Trog's Hand, Brothers in Arms


You were on level 3 of the Lair of Beasts.
You worshipped Trog.
Trog was greatly pleased with you.
You visited 3 branches of the dungeon, and saw 15 of its levels.
You also visited: Sewer.

You collected 716 gold pieces.
You spent 209 gold pieces at shops.

Inventory:

Hand Weapons
 a - a +1 spectral hand axe
 b - a +0 broad axe
 w - a +5 heavy spear (weapon)
 M - the +4 battleaxe of the Priest {freeze, ^Drain rF+ Stlth+}
   (You found it on level 2 of the Lair of Beasts)

   rF+:       It protects you from fire.
   ^Drain:    It drains your maximum health when unequipped.
   Stlth+:    It makes you more stealthy.
Missiles
 h - 2 atropa-tipped darts
 p - 3 throwing nets
 q - 18 boomerangs (quivered)
 v - 8 javelins
 A - 5 datura-tipped darts
 D - 2 curare-tipped darts
 K - 2 poisoned darts
Armour
 t - a +1 buckler of protection (worn)
 z - a +4 chain mail (worn)
 E - a +0 cloak (worn)
 H - a +0 helmet (worn)
Jewellery
 n - the amulet of Fyogil (around neck) {Reflect rCorr SH+5}
   (You found it on level 2 of the Dungeon)

   [amulet of reflection]

   Reflect:   It reflects blocked missile attacks.
   rCorr:     It protects you from acid and corrosion.
   SH+5:      It affects your SH (+5).
 o - a ring of see invisible (left hand)
 B - a ring of protection from fire
 L - a ring of protection from fire (right hand)
 N - an amulet of regeneration
Wands
 g - a wand of polymorph (4)
 j - a wand of roots (8)
 u - a wand of flame (45)
 x - a wand of mindburst (19)
 G - a wand of light (5)
Scrolls
 e - a scroll of identify
 i - 3 scrolls of teleportation
 l - a scroll of poison
 s - 2 scrolls of fog
 y - 3 scrolls of revelation
 F - a scroll of fear
 J - a scroll of immolation
Potions
 c - 2 potions of mutation
 d - 3 potions of enlightenment
 f - 3 potions of attraction
 k - 2 potions of ambrosia
 m - 5 potions of heal wounds
 r - a potion of curing
 C - 2 potions of haste
 I - a potion of invisibility


   Skills:
 + Level 10.9 Fighting
 + Level 8.7 Short Blades
 + Level 8.7 Long Blades
 + Level 10.9 Axes
 + Level 8.7 Maces & Flails
 + Level 8.7 Polearms
 + Level 8.7 Staves
 + Level 8.7 Ranged Weapons
 + Level 8.7 Throwing
 + Level 9.9 Armour
 + Level 9.9 Dodging
 + Level 8.7 Stealth
 + Level 8.7 Shields
 + Level 8.7 Unarmed Combat
 + Level 8.7 Spellcasting
 + Level 7.2 Conjurations
 + Level 7.2 Hexes
 + Level 7.2 Summonings
 + Level 7.2 Necromancy
 + Level 7.2 Translocations
 + Level 7.2 Fire Magic
 + Level 7.2 Ice Magic
 + Level 7.2 Air Magic
 + Level 7.2 Earth Magic
 + Level 7.2 Alchemy
 + Level 9.5 Invocations
 + Level 8.7 Evocations
 + Level 7.9 Shapeshifting


You had 29 spell levels left.
You didn't know any spells.
Your spell library was empty.

Dungeon Overview and Level Annotations

Branches:
Dungeon (11/15)            Temple (1/1) D:6            Lair (3/5) D:8
    Orc (0/2) D:11          Sewer (visited)
  Swamp: Lair:2-3    Shoals: Lair:2-3     Snake: Lair:2-3    Spider: Lair:2-3

Altars:
Ashenzari
Cheibriados
Dithmenos
Elyvilon
Fedhas
Gozag
Hepliaklqana
Kikubaaqudgha
Makhleb
Nemelex Xobeh
Okawaru
Qazlal
Ru
Sif Muna
Trog
Uskayaw
Vehumet
Wu Jian
Xom
Yredelemnul
Zin
The Shining One

Shops:
D:6 *

Annotations:
Temple !Jeremiah, Jeremiah


Innate Abilities, Weirdness & Mutations

You have very sharp teeth.
Your uncanny sense of smell can sniff out nearby items.
Your experience applies equally to all skills.


Message History

You block the eight-headed hydra's attack.
The eight-headed hydra bites you but does no damage. x3
The eight-headed hydra closely misses you.
The eight-headed hydra bites you!
The eight-headed hydra closely misses you.
You block the water moccasin's attack. The eight-headed hydra bites you. x2
The eight-headed hydra bites you but does no damage.
The eight-headed hydra closely misses you.
The eight-headed hydra bites you.
The eight-headed hydra bites you but does no damage. x2
The eight-headed hydra bites you.
You fade into invisibility!
You block the water moccasin's attack. x2
The eight-headed hydra barely misses you.
The eight-headed hydra closely misses you.
The eight-headed hydra bites you!
* * * LOW HITPOINT WARNING * * *
The eight-headed hydra closely misses you.
The eight-headed hydra bites you but does no damage.
The eight-headed hydra barely misses you.
The eight-headed hydra closely misses you.
The eight-headed hydra bites you.
* * * LOW HITPOINT WARNING * * *
Unknown command.
Unknown command.
You puncture the eight-headed hydra!
The eight-headed hydra is heavily wounded.
The water moccasin barely misses you.
You block the eight-headed hydra's attack.
The eight-headed hydra bites you but does no damage.
The eight-headed hydra bites you!
* * * LOW HITPOINT WARNING * * *
The eight-headed hydra bites you!
* * * LOW HITPOINT WARNING * * *
You block the eight-headed hydra's attack.
The eight-headed hydra bites you but does no damage.
The eight-headed hydra bites you!
* * * LOW HITPOINT WARNING * * *
The eight-headed hydra bites you.
You die...

..................#
##......####....#####
####...# ###....#.#
#. ##..# ##....##
##.. ####..# #
##...:#
#....###.#†..#.#
#......
#......†.†.....##
##.#...
.......††.......#
##....
........D@.......#
#....
...♣....S..P##....#
#..... .♣ ♣.....####
.........#.# ~~♣♣♣♣..
#....#...### ♣~~ ♣♣#
##....## .♣ ... # #


You could see an eight-headed hydra (unable to see you) and a water moccasin
(unable to see you).

Vanquished Creatures
  2 hydras
  An alligator (Lair:2)
  2 anacondas (Lair:2)
  2 two-headed ogres
  A death yak (Lair:2)
  A fire crab (Lair:2)
  A skeletal warrior (D:11)
  2 manticores (Lair:2)
  Maurice (D:10)
  An elephant (Lair:2)
  A black mamba (Lair:1)
  3 cane toads
  3 gargoyles
  2 torpor snails (Lair:2)
  Maggie (D:9)
  2 komodo dragons
  A tengu conjurer (D:11)
  2 polar bears
  A hornet (Lair:3)
  Prince Ribbit (D:5)
  7 trolls
  Grinder (D:5)
  9 blink frogs (Lair:2)
  Sigmund (D:5)
  4 wyverns
  A vampire (D:11)
  43 yaks
  A wraith (D:9)
  2 basilisks (Lair:2)
  3 steam dragons
  An acid dragon (D:10)
  Duvessa (D:6)
  11 water moccasins
  6 orc warriors
  3 ice beasts
  A sky beast (D:7)
  6 black bears
  A wolf (Lair:2)
  2 ogres (D:7)
  9 centaurs
  2 phantoms
  4 kobold brigands
  Blork the orc (D:6)
  16 bullfrogs
  8 scorpions
  3 gnoll sergeants
  4 wights (D:8)
  Dowan (D:6)
  2 killer bees (D:7)
  A bombardier beetle (D:5)
  5 howler monkeys
  2 jellies
  4 hounds
  6 orc priests
  15 orc wizards
  2 iguanas
  4 hell rats (Lair:3)
  10 gnolls
  11 adders
  2 river rats (Sewer)
  3 dart slugs
  A ribbon worm (D:3)
  50 orcs
  12 endoplasms
  10 giant cockroaches
  6 goblins
  4 hobgoblins
  4 jackals
  5 quokkas
  15 ball pythons
  10 bats
  4 frilled lizards
  10 kobolds
  4 rats
385 creatures vanquished.

Vanquished Creatures (collateral kills)
  An unseen horror (D:11)
1 creature vanquished.

Vanquished Creatures (others)
  5 spectral weapons
5 creatures vanquished.

Grand Total: 391 creatures vanquished

Notes
Turn   | Place    | Note
-------+----------+-------------------------------------------
     0 | D:1      | jejorda2 the Gnoll Berserker began the quest for the Orb.
     0 | D:1      | Reached XP level 1. HP: 23/23 MP: 1/1
   304 | D:1      | Reached XP level 2. HP: 26/29 MP: 2/2
  1106 | D:2      | Identified the amulet of Fyogil {Reflect rCorr SH+5}
  1165 | D:2      | Reached XP level 3. HP: 35/35 MP: 2/4
  1211 | D:2      | Reached skill level 1 in Invocations
  1324 | D:2      | Reached ** piety under Trog
  1325 | D:2      | Reached skill level 1 in Short Blades
  1325 | D:2      | Reached skill level 1 in Long Blades
  1325 | D:2      | Reached skill level 1 in Maces & Flails
  1325 | D:2      | Reached skill level 1 in Polearms
  1325 | D:2      | Reached skill level 1 in Staves
  1325 | D:2      | Reached skill level 1 in Ranged Weapons
  1325 | D:2      | Reached skill level 1 in Throwing
  1325 | D:2      | Reached skill level 1 in Stealth
  1325 | D:2      | Reached skill level 1 in Shields
  1325 | D:2      | Reached skill level 1 in Unarmed Combat
  1325 | D:2      | Reached skill level 1 in Spellcasting
  1325 | D:2      | Reached skill level 1 in Evocations
  1641 | D:2      | Reached skill level 1 in Shapeshifting
  1641 | D:2      | Reached XP level 4. HP: 41/41 MP: 5/5
  1669 | D:2      | Found a faded altar of an unknown god.
  2037 | D:3      | Reached skill level 1 in Conjurations
  2037 | D:3      | Reached skill level 1 in Hexes
  2037 | D:3      | Reached skill level 1 in Summonings
  2037 | D:3      | Reached skill level 1 in Necromancy
  2037 | D:3      | Reached skill level 1 in Translocations
  2037 | D:3      | Reached skill level 1 in Fire Magic
  2037 | D:3      | Reached skill level 1 in Ice Magic
  2037 | D:3      | Reached skill level 1 in Air Magic
  2037 | D:3      | Reached skill level 1 in Earth Magic
  2037 | D:3      | Reached skill level 1 in Alchemy
  2540 | D:3      | Found a radiant altar of Vehumet.
  2578 | D:3      | Reached XP level 5. HP: 47/47 MP: 5/7
  2753 | D:4      | Noticed a phantom
  2762 | D:4      | Killed a phantom
  2859 | D:4      | Reached XP level 6. HP: 53/53 MP: 8/8
  2971 | D:4      | Reached skill level 5 in Armour
  2971 | D:4      | Reached skill level 5 in Dodging
  3346 | D:4      | Reached *** piety under Trog
  3862 | D:5      | Entered Level 5 of the Dungeon
  3883 | D:5      | Reached XP level 7. HP: 54/60 MP: 10/10
  3909 | D:5      | Found a glowing drain.
  3926 | Sewer    | Entered a sewer
  4223 | Sewer    | Reached **** piety under Trog
  4618 | D:5      | Noticed Sigmund
  4628 | D:5      | Killed Sigmund
  4637 | D:5      | Identified the +6 dagger "Monyp" {flame, Str+2 Stlth+}
  4672 | D:5      | Reached XP level 8. HP: 67/67 MP: 12/12
  4691 | D:5      | Noticed Grinder
  4700 | D:5      | Killed Grinder
  4807 | D:5      | Noticed Prince Ribbit
  4828 | D:5      | Killed Prince Ribbit
  5097 | D:6      | Found a hazy altar of Hepliaklqana.
  5097 | D:6      | Noticed Duvessa
  5097 | D:6      | Noticed Dowan
  5101 | D:6      | Killed Duvessa
  5103 | D:6      | Killed Dowan
  5214 | D:6      | Reached XP level 9. HP: 65/73 MP: 13/15
  5355 | D:6      | Found a staircase to the Ecumenical Temple.
  5366 | D:6      | Noticed Jeremiah
  5381 | D:6      | Noticed Blork the orc
  5389 | Temple   | Entered the Ecumenical Temple
  5395 | D:6      | Killed Blork the orc
  5565 | D:6      | Found Aptiwn's Assorted Antiques.
  5734 | D:6      | Found a sacrificial altar of Ru.
  5767 | D:6      | Found a blossoming altar of Fedhas.
  5956 | D:6      | Bought a lumpy brown potion for 22 gold pieces
  5956 | D:6      | Bought a glowing buckler for 187 gold pieces
  6195 | D:7      | Reached skill level 5 in Invocations
  6656 | D:7      | Found a broken altar of Ashenzari.
  6860 | D:7      | Reached skill level 5 in Short Blades
  6860 | D:7      | Reached skill level 5 in Long Blades
  6860 | D:7      | Reached skill level 5 in Maces & Flails
  6860 | D:7      | Reached skill level 5 in Polearms
  6860 | D:7      | Reached skill level 5 in Staves
  6860 | D:7      | Reached skill level 5 in Ranged Weapons
  6860 | D:7      | Reached skill level 5 in Throwing
  6860 | D:7      | Reached skill level 5 in Stealth
  6860 | D:7      | Reached skill level 5 in Shields
  6860 | D:7      | Reached skill level 5 in Unarmed Combat
  6860 | D:7      | Reached skill level 5 in Spellcasting
  6860 | D:7      | Reached skill level 5 in Evocations
  6860 | D:7      | Reached XP level 10. HP: 81/81 MP: 17/17
  7144 | D:7      | Noticed a two-headed ogre
  7151 | D:7      | Killed a two-headed ogre
  7383 | D:7      | Found a sparkling altar of Nemelex Xobeh.
  7650 | D:8      | Found an opulent altar of Gozag.
  7800 | D:8      | Found a staircase to the Lair.
  7809 | D:8      | Reached skill level 5 in Shapeshifting
  7999 | D:8      | HP: 1/118 [wight/+3 halberd (9)]
  8852 | D:9      | Reached skill level 5 in Conjurations
  8852 | D:9      | Reached skill level 5 in Hexes
  8852 | D:9      | Reached skill level 5 in Summonings
  8852 | D:9      | Reached skill level 5 in Necromancy
  8852 | D:9      | Reached skill level 5 in Translocations
  8852 | D:9      | Reached skill level 5 in Fire Magic
  8852 | D:9      | Reached skill level 5 in Ice Magic
  8852 | D:9      | Reached skill level 5 in Air Magic
  8852 | D:9      | Reached skill level 5 in Earth Magic
  8852 | D:9      | Reached skill level 5 in Alchemy
  8933 | D:9      | Noticed a gargoyle
  8948 | D:9      | Killed a gargoyle
  8949 | D:9      | Reached XP level 11. HP: 8/89 MP: 20/20
  9243 | D:9      | Found a bloodstained altar of Trog.
  9605 | D:9      | Noticed Maggie
  9616 | D:9      | Killed Maggie
  9846 | D:9      | Found an ornate altar of the Wu Jian Council.
  9870 | D:10     | Entered Level 10 of the Dungeon
 10631 | D:10     | Noticed Maurice
 10641 | D:10     | Maurice stole 6 boomerangs
 10652 | D:10     | Maurice stole 271 gold
 10656 | D:10     | Killed Maurice
 11068 | D:10     | Noticed a two-headed ogre
 11078 | D:10     | Killed a two-headed ogre
 11261 | D:10     | Noticed a six-headed hydra
 11264 | D:10     | Found the +1 robe of Vines {NoPotionHeal Regen++++}
 11275 | D:10     | Killed a six-headed hydra
 12315 | D:11     | Noticed a six-headed hydra
 12316 | D:11     | Noticed a deep elf pyromancer
 12318 | D:11     | Noticed a skeletal warrior
 12348 | D:11     | Killed a six-headed hydra
 12349 | D:11     | Reached XP level 12. HP: 83/97 MP: 22/22
 12804 | D:11     | Found a staircase to the Orcish Mines.
 13210 | Lair:1   | Entered Level 1 of the Lair of Beasts
 13300 | Lair:1   | Reached skill level 10 in Fighting
 13300 | Lair:1   | Reached skill level 10 in Axes
 13953 | Lair:1   | You fall into a shaft and drop 1 floor!
 13993 | Lair:2   | Identified the +4 battleaxe of the Priest {freeze, ^Drain
                  | rF+ Stlth+}
 14582 | Lair:2   | Reached XP level 13. HP: 77/104 MP: 25/25
 16303 | Lair:3   | HP: 1/105 [eight-headed hydra (8)]
 16303 | Lair:3   | Slain by an eight-headed hydra

Illustrated notes

Levels and vault maps discovered:
D:1:      dpeg_arrival_stone_temple_mockup, layout_loops_corners,
          serial_bayou_lake_a
D:2:      layout_basic, ebering_ecumenical_altar_petrified,
          kennysheep_generic_room_8
D:3:      layout_loops_cross, nicolae_vehumet_altar_sigil
D:4:      layout_loops_ring, serial_rivers, chequers_serial_rivers_micro_a,
          chequers_serial_rivers_small_b, chequers_serial_rivers_marsh,
          chequers_serial_rivers_micro_a
D:5:      layout_rooms, portal_sewer_entry_f, uniq_prince_ribbit1, uniq_grinder,
          uniq_sigmund
D:6:      layout_loops_cross, general_overflow_altar, nicolae_ru_path_of_blood,
          fedhas_altar_4, minmay_temple_entry_large_hall, serial_shops, shop,
          uniq_blork_the_orc, uniq_jeremiah, uniq_duvessa
D:7:      minmay_octagon_keep, layout_loops_ring, nemelex_dance_club_becter,
          mainiacjoe_overflow_chevrons
D:8:      layout_basic, mainiacjoe_overflow_six_doors_small,
          due_lair_maze_entry_diamond
D:9:      layout_basic, mainiacjoe_overflow_swirl, uniq_maggie
D:10:     layout_basic, hellmonk_guarded_unrand_vines, uniq_maurice
D:11:     layout_basic, hiddenorc1_lemuel, grunt_tough_drop
Temple:   nicolae_temple_ecumenical_triangle
Lair:1:   layout_misc_corridors, gammafunk_lair_bear_cave
Lair:2:   layout_hall_layers, nicolae_lair_lakeside_cave, grunt_megastairs_2
Lair:3:   layout_concentric_octagons, mainiacjoe_swamp_entry_lozenge_pond,
          spider_nest_entry_a, hangedman_lair_unloving_vines, lemuel_oklob_altar

Skill      XL: |  1  2  3  4  5  6  7  8  9 10 11 12 13 |
---------------+----------------------------------------+-----
Invocations    | 1 2 3 4 5 6 7 8 9 |  9.5
Short Blades   | 1 2 3 4 5 6 7 8 |  8.7
Long Blades    | 1 2 3 4 5 6 7 8 |  8.7
Maces & Flails | 1 2 3 4 5 6 7 8 |  8.7
Polearms       | 1 2 3 4 5 6 7 8 |  8.7
Staves         | 1 2 3 4 5 6 7 8 |  8.7
Ranged Weapons | 1 2 3 4 5 6 7 8 |  8.7
Throwing       | 1 2 3 4 5 6 7 8 |  8.7
Stealth        | 1 2 3 4 5 6 7 8 |  8.7
Shields        | 1 2 3 4 5 6 7 8 |  8.7
Unarmed Combat | 1 2 3 4 5 6 7 8 |  8.7
Spellcasting   | 1 2 3 4 5 6 7 8 |  8.7
Evocations     | 1 2 3 4 5 6 7 8 |  8.7
Shapeshifting  | 1 2 3 4 5 6 7 |  7.9
Conjurations   | 1 2 3 4 5 6 7 |  7.2
Hexes          | 1 2 3 4 5 6 7 |  7.2
Summonings     | 1 2 3 4 5 6 7 |  7.2
Necromancy     | 1 2 3 4 5 6 7 |  7.2
Translocations | 1 2 3 4 5 6 7 |  7.2
Fire Magic     | 1 2 3 4 5 6 7 |  7.2
Ice Magic      | 1 2 3 4 5 6 7 |  7.2
Air Magic      | 1 2 3 4 5 6 7 |  7.2
Earth Magic    | 1 2 3 4 5 6 7 |  7.2
Alchemy        | 1 2 3 4 5 6 7 |  7.2
Armour         | 5 6 7 8 9 |  9.9
Dodging        | 5 6 7 8 9 |  9.9
Fighting       | 7 8 9 10 | 10.9
Axes           | 7 8 9 10 | 10.9

Action                     |  1- 3 |  4- 6 |  7- 9 | 10-12 | 13-15 || total
---------------------------+-------+-------+-------+-------+-------++-------
  Melee: Hand axe          |    96 |   212 |   281 |   560 |   152 ||  1301
         Bite              |     6 |    15 |    29 |    89 |    26 ||   165
         Punch             |     1 |       |       |       |       ||     1
         Unarmed           |       |       |     1 |       |       ||     1
         Broad axe         |       |       |       |    31 |       ||    31
         Morningstar       |       |       |       |    10 |       ||    10
         Spear             |       |       |       |     6 |     4 ||    10
  Throw: Boomerang         |       |       |       |       |     8 ||     8
 Invoke: Berserk           |       |     4 |     5 |    20 |     5 ||    34
         Trog's Hand       |       |     1 |     4 |     4 |     1 ||    10
         Brothers in Arms  |       |       |       |     1 |       ||     1
    Use: Scroll            |       |       |    20 |     5 |       ||    25
         Potion            |       |       |       |       |     1 ||     1
   Stab: Distracted        |       |       |     4 |     5 |     1 ||    10
 Armour: Animal skin       |     7 |       |       |       |       ||     7
         Scale mail        |    46 |    27 |       |       |       ||    73
         Chain mail        |       |    59 |   138 |   359 |   122 ||   678
         Plate armour      |       |       |       |     6 |       ||     6
  Dodge: Dodged            |    38 |    54 |    76 |   198 |    45 ||   411
  Block: Buckler           |    15 |    75 |   122 |   337 |    78 ||   627
         Reflection        |     1 |     1 |     5 |    15 |       ||    22

Table legend: (Time is in decaauts)
 A = Elapsed time spent in this place.
 B = Non-inter-level travel time spent in this place.
 C = Inter-level travel time spent in this place.
 D = Time resting spent in this place.
 E = Time spent auto-exploring this place.
 F = Levels seen in this place.
 G = Mean time per level.
                   A        B        C        D        E       F      G
               +--------+--------+--------+--------+--------+-----+--------+
         Total |  16728 |  15952 |    776 |   1509 |  11754 |  16 | 1045.5 |
       Dungeon |  13008 |  12376 |    632 |   1084 |   9320 |  11 | 1182.5 |
        Temple |      4 |      4 |      0 |      0 |      0 |   1 |    4.0 |
          Lair |   2953 |   2810 |    143 |    425 |   1898 |   3 |  984.3 |
         Sewer |    762 |    762 |      0 |      0 |    536 |   1 |  762.0 |
               +--------+--------+--------+--------+--------+-----+--------+

Top non-repeatable levels by time:
    D:10: 1987 daAuts
  Lair:2: 1904 daAuts
     D:7: 1615 daAuts
    D:11: 1363 daAuts
     D:9: 1288 daAuts
     D:8: 1220 daAuts
     D:4: 1173 daAuts
     D:2: 1004 daAuts
     D:1: 1004 daAuts
     D:6: 921 daAuts
  Lair:1: 867 daAuts
   Sewer: 762 daAuts
     D:3: 749 daAuts
     D:5: 680 daAuts
  Lair:3: 181 daAuts
